 Dungeon Crawl Stone Soup version 0.25.1-2-g60ff931df9 (webtiles) character file.

Game seed: 16183001045486981654

580 txstrosman the Bolt Thrower (level 7, -2/57 HPs)
             Began as a Centaur Hunter on Nov 12, 2020.
             Was an Initiate of Okawaru.
             Slain by a two-headed ogre
             ... wielding a +0 giant spiked club
              (19 damage)
             ... on level 5 of the Dungeon.
             The game lasted 00:29:05 (5818 turns).

txstrosman the Bolt Thrower (Centaur Hunter)        Turns: 5818, Time: 00:29:06

Health: -2/57      AC:  8    Str: 16    XL:     7   Next: 13%
Magic:  7/7        EV:  9    Int: 10    God:    Okawaru [......]
Gold:   192        SH:  0    Dex: 10    Spells: 6/6 levels left

rFire    . . .     SeeInvis .   q - +2 hand axe (holy)
rCold    . . .     Gourm    .   (no shield)
rNeg     . . .     Faith    .   c - +0 leather armour
rPois    .         Spirit   .   b - +2 helmet
rElec    .         Reflect  .   (no cloak)
rCorr    .         Harm     .   (no gloves)
MR       .....                  (no barding)
Stlth    +.........             (no amulet)
HPRegen  0.19/turn              (no ring)
MPRegen  0.10/turn              (no ring)

@: lethally poisoned (-2 -> -10), about to teleport, very quick
A: large, hooves 3, deformed body, speed 2, tough skin 3
a: Renounce Religion


You were on level 5 of the Dungeon.
You worshipped Okawaru.
Okawaru was noncommittal.
You were not hungry.

You visited 2 branches of the dungeon, and saw 6 of its levels.

You collected 192 gold pieces.

Inventory:

Hand Weapons
 a - a +1 hand crossbow
 q - a +2 hand axe of holy wrath (weapon)
Missiles
 d - 17 bolts
Armour
 b - a +2 helmet (worn)
 c - a +0 leather armour (worn)
Jewellery
 g - an uncursed amulet of magic regeneration {unknown}
Wands
 i - a wand of polymorph (7)
 o - a wand of random effects (16)
 p - a wand of flame (36)
Scrolls
 j - 3 scrolls of enchant armour
 r - a scroll of enchant weapon {unknown}
 t - a scroll of remove curse {unknown}
Potions
 h - 2 potions of heal wounds
 k - a potion of ambrosia
 l - a potion of brilliance {unknown}
 m - a potion of curing
 n - 2 potions of mutation
 s - a potion of resistance {unknown}
Comestibles
 f - 4 rations
 u - 2 chunks of flesh


   Skills:
 + Level 3.0 Fighting
 * Level 3.8 Axes
 * Level 5.8 Crossbows
 * Level 2.8 Armour
 + Level 2.0 Dodging
 + Level 0.6 Stealth


You had 6 spell levels left.
You didn't know any spells.
Your spell library was empty.

Dungeon Overview and Level Annotations

Branches:
Dungeon (5/15)             Temple (1/1) D:4

Altars:
Ashenzari
Cheibriados
Dithmenos
Fedhas
Gozag
Kikubaaqudgha
Makhleb
Nemelex Xobeh
Okawaru
Qazlal
Ru
Sif Muna
Trog
Vehumet
Wu Jian
Zin
The Shining One


Innate Abilities, Weirdness & Mutations

You have hooves in place of feet.
Armour fits poorly on your strangely shaped body.
You cover ground very quickly.
You have extremely tough skin. (AC +3)


Message History

The orc wizard flickers and vanishes!
Deactivating autopickup; reactivate with Ctrl-A.
The worker ant bites you but does no damage.
As you read the scroll of teleportation, it crumbles to dust.
You feel strangely unstable.
You feel sick.
The two-headed ogre hits you with a +0 giant spiked club!!
Ouch! That really hurt!
The two-headed ogre completely misses you.
The worker ant bites you.
You are more poisoned.
The worker ant poisons you!
You closely miss the worker ant.
You kick the worker ant, but do no damage.
You hit the two-headed ogre.
You hear the brisk rusting of a distant drain.
You feel sick.
The howler monkey hoots and howls with incredible vigour!
The worker ant closely misses you.
The two-headed ogre hits you with a +0 giant spiked club!!
You die...

####### .....#
######...######. .
#>..........h... ...
#.####...##########l.#..
..............ha@O.o....
..####...###..F###o.....
.........# #...# .....
..#......# #./.# ....
.........# #...# ...
.........# #...# ..
......#.####%..# .
...<รท.#....#...#
....###....#


You could see a two-headed ogre, a bullfrog, a howler monkey (catching breath),
a worker ant, 2 orcs and a frilled lizard.

Vanquished Creatures
  An ogre (D:4)
  A centaur (D:5)
  A scorpion (D:5)
  A bullfrog zombie (D:5)
  A hound (D:4)
  An orc priest (D:5)
  An iguana (D:4)
  A centaur skeleton (D:4)
  2 worker ants (D:4)
  A hound zombie (D:3)
  4 adders
  An adder skeleton (D:4)
  2 worms (D:2)
  A dart slug (D:4)
  7 leopard geckos
  4 orcs
  A ball python (D:1)
  3 giant cockroaches
  12 hobgoblins
  10 jackals
  4 quokkas
  12 bats
  4 frilled lizards
  10 goblins
  10 kobolds
  9 rats
105 creatures vanquished.

Notes
Turn   | Place    | Note
-------+----------+-------------------------------------------
     0 | D:1      | txstrosman the Centaur Hunter began the quest for the Orb.
     0 | D:1      | Reached XP level 1. HP: 17/17 MP: 1/1
    29 | D:1      | Reached XP level 2. HP: 20/24 MP: 2/2
   187 | D:1      | Reached skill level 5 in Crossbows
   478 | D:1      | Reached XP level 3. HP: 29/29 MP: 3/3
   898 | D:2      | Reached skill level 1 in Axes
  1794 | D:2      | Reached XP level 4. HP: 33/36 MP: 4/4
  1797 | D:2      | Reached skill level 1 in Armour
  2598 | D:3      | Found a faded altar of an unknown god.
  3582 | D:3      | Reached XP level 5. HP: 42/42 MP: 5/5
  3763 | D:4      | Noticed an ogre
  3881 | D:4      | Killed an ogre
  4226 | D:4      | Found a staircase to the Ecumenical Temple.
  4232 | Temple   | Entered the Ecumenical Temple
  4329 | Temple   | Became a worshipper of Warmaster Okawaru
  4362 | D:4      | Reached XP level 6. HP: 44/50 MP: 6/6
  5412 | D:4      | Found a stormy altar of Qazlal.
  5534 | D:5      | Entered Level 5 of the Dungeon
  5588 | D:5      | Found an opulent altar of Gozag.
  5640 | D:5      | Reached XP level 7. HP: 35/56 MP: 7/7
  5811 | D:5      | Noticed a two-headed ogre
  5818 | D:5      | Slain by a two-headed ogre

Illustrated notes

Levels and vault maps discovered:
D:1:      saegor_arrival_miasma, layout_loops_ring, minivault_14
D:2:      layout_basic
D:3:      layout_basic, chequers_ecumenical_altar_simple_redux
D:4:      layout_basic, lemuel_coloured_pillars_altar, temple_green,
          first_ration
D:5:      layout_basic, regret_index_temple_of_mockery, grunt_gozag_breadcrumbs,
          portal_sewer_entry_e
Temple:   eino_temple_scatter_basement

Skill      XL: |  1  2  3  4  5  6  7 |
---------------+----------------------+-----
Crossbows      | 5 |  5.8
Axes           | 1 2 3 |  3.8
Armour         | 1 2 |  2.8
Dodging        | 2 |  2.0
Fighting       | 3 |  3.0
Stealth        | |  0.6

Action                   |  1- 3 |  4- 6 |  7- 9 || total
-------------------------+-------+-------+-------++-------
Melee: Hand axe          |   121 |   171 |    12 ||   304
       Kick              |    15 |    34 |     3 ||    52
 Fire: Hand crossbow     |    25 |     8 |       ||    33
  Use: Scroll            |       |     7 |     1 ||     8
  Eat: Ration            |     1 |     2 |     1 ||     4
       Chunk             |       |     2 |       ||     2
Armor: Leather armour    |    70 |    77 |     6 ||   153
Dodge: Dodged            |    87 |    88 |     7 ||   182
